 Dungeon Crawl Stone Soup version 0.30-a0-989-g0d87f670db (webtiles) character file.

Game seed: 13674966603062171317

169 112233 the Firebug (level 5, -3/38 HPs)
             Began as a Demonspawn Wanderer on Apr 4, 2023.
             Slain by a bullfrog (7 damage)
             ... on level 4 of the Dungeon.
             The game lasted 00:01:51 (2308 turns).

112233 the Firebug (Demonspawn Wanderer)            Turns: 2308, Time: 00:01:52

Health: -3/38      AC:  3    Str: 11    XL:     5   Next: 25%
Magic:  8/8        EV: 12    Int: 14    God:
Gold:   118        SH:  0    Dex: 17    Spells: 7/8 levels left

rFire   . . .      SeeInvis +    a - +0 long sword
rCold   . . .      Faith    .    (no shield)
rNeg    . . .      Spirit   .    e - +0 robe
rPois   .          Reflect  .    (no helmet)
rElec   .          Rampage  .    (no cloak)
rCorr   .                        (no gloves)
Will    .....                    (no boots)
Stlth   ++                       p - amulet of the acrobat
HPRegen 0.26/turn                t - ring of see invisible
MPRegen 0.11/turn                (no ring)

@: no status effects
A: foul stench 1, demonic magic 1, weakness stinger 1, agile 1, shaggy fur 1
a: no special abilities


You were on level 4 of the Dungeon.
You visited 1 branch of the dungeon, and saw 4 of its levels.

You collected 118 gold pieces.

Inventory:

Hand Weapons
 a - a +0 long sword (weapon)
 c - a +0 dagger
Missiles
 b - 8 boomerangs (quivered)
Armour
 e - a +0 robe (worn)
Jewellery
 p - an amulet of the acrobat (around neck)
 t - a ring of see invisible (left hand)
Scrolls
 d - a scroll of vulnerability {unknown}
 h - a scroll of poison {unknown}
 j - a scroll of amnesia {unknown}
 k - 3 scrolls of summoning {unknown}
 l - a scroll of identify {unknown}
 o - a scroll of noise {unknown}
 r - a scroll of fog {unknown}
 s - a scroll of magic mapping {unknown}
Potions
 f - a potion of haste {unknown}
 g - 2 potions of berserk rage
 i - 2 potions of mutation
 m - a potion of ambrosia {unknown}
 n - a potion of curing {unknown}
 q - 2 potions of lignification {unknown}


   Skills:
 + Level 1.7 Fighting
 - Level 2.6 Long Blades
 - Level 1.7 Throwing
 + Level 1.6 Dodging
 - Level 1.0 Stealth
 + Level 1.4 Unarmed Combat
 + Level 2.3 Spellcasting
 + Level 2.7 Fire Magic
 - Level 2.0 Invocations


You had 7 spell levels left.
You knew the following spells:

 Your Spells              Type           Power      Damage    Failure   Level
a - Foxfire               Conj/Fire      20%        2x1d3     13%         1

Your spell library contained the following spells:

 Spells                   Type           Power      Damage    Failure   Level
 Inner Flame              Hex/Fire       5%         N/A       36%         3


Dungeon Overview and Level Annotations

Branches:
Dungeon (4/15)
 Temple: D:4-7

Altars:
Sif Muna


Innate Abilities, Weirdness & Mutations

You may rarely emit foul miasma when damaged in melee.
Spells you cast may paralyse adjacent enemies.
You have a small tail.
You are agile. (Dex +4, Str/Int -1)
You are covered in fur. (AC +1)


Message History

You kill the kobold!
Key pressed, stopping explore.
No target in view!
q - 2 orange potions (gained 1)
A bullfrog comes into view.
The bullfrog gives a loud, deep croak!
A bullfrog is nearby!
A dart slug comes into view.
There are monsters nearby!
The bullfrog closely misses you.
An orc comes into view. It is wielding a +1 mace of protection.
There are monsters nearby!
The orc shouts!
You slash the bullfrog!
The bullfrog is moderately wounded.
The bullfrog hits you. The bullfrog hits you!
There are monsters nearby!
There are monsters nearby!
You miss the bullfrog.
Your tail-slap misses the bullfrog.
The bullfrog is moderately wounded.
The bullfrog hits you! x2
There are monsters nearby!
You are too injured to fight recklessly!
There are monsters nearby!
You are too injured to fight recklessly!
There are monsters nearby!
You are too injured to fight recklessly!
You are too injured to fight recklessly!
Unknown command.
You barely miss the bullfrog.
The bullfrog is moderately wounded.
The bullfrog hits you!
* * * LOW HITPOINT WARNING * * *
A ball python comes into view.
The bullfrog hits you.
* * * LOW HITPOINT WARNING * * *
It was a potion of mutation.
You feel extremely strange.
You feel agile. Fur sprouts all over your body. The bullfrog hits you!
You die...

###### . ###≈≈≈≈## ...
###..≈....# ###
.....##....≈≈≈≈.######..
....w.F@..............<"
....o...............##..
S.#+#.####..##......##..
#.####..........##.. .
#.....#..#....##.. ....
#.....#..#....##.. #.#
#.....#..#....+..# #.#
+.....#..≈.≈..##.# #.#
#.....#..≈.≈##....


You could see a bullfrog, a dart slug, an orc and a ball python.

Vanquished Creatures
  2 hounds (D:4)
  An iguana (D:4)
  A sleepcap (D:3)
  An adder (D:4)
  2 worms (D:2)
  A dart slug (D:2)
  An orc (D:3)
  3 ball pythons
  A bat (D:3)
  4 endoplasms
  2 giant cockroaches
  4 goblins
  2 hobgoblins
  3 jackals (D:1)
  4 kobolds
  2 quokkas
  3 frilled lizards
  2 rats
39 creatures vanquished.

Vanquished Creatures (others)
  3 foxfires (D:1)
  9 plants (D:2)
12 creatures vanquished.

Grand Total: 51 creatures vanquished

Notes
Turn   | Place    | Note
-------+----------+-------------------------------------------
     0 | D:1      | 112233 the Demonspawn Wanderer began the quest for the Orb.
     0 | D:1      | 112233 set off with the following items: a +0 long sword, 8
                  | boomerangs, a +0 dagger, a scroll of blinking, a +0 robe;
                  | and the following spell memorised: Foxfire; and the
                  | following spells available to memorise: Inner Flame.
     0 | D:1      | Reached XP level 1. HP: 13/13 MP: 2/2
   373 | D:1      | Discovered your monstrous ancestry.
   373 | D:1      | Gained mutation: You have a small tail. [demonic ancestry]
   373 | D:1      | Reached XP level 2. HP: 19/19 MP: 4/4
  1252 | D:2      | Gained mutation: Spells you cast may paralyse adjacent
                  | enemies. [demonic ancestry]
  1252 | D:2      | Reached XP level 3. HP: 25/25 MP: 5/5
  1253 | D:2      | Found a faded altar of an unknown god.
  1582 | D:3      | Reached skill level 1 in Fighting
  1629 | D:3      | Reached skill level 1 in Dodging
  1715 | D:3      | Found a shimmering blue altar of Sif Muna.
  1849 | D:4      | Gained mutation: You may rarely emit foul miasma when
                  | damaged in melee. [demonic ancestry]
  1849 | D:4      | Reached XP level 4. HP: 23/32 MP: 6/6
  1951 | D:4      | Reached skill level 1 in Unarmed Combat
  2103 | D:4      | Reached XP level 5. HP: 37/38 MP: 8/8
  2308 | D:4      | Gained mutation: You are agile. (Dex +4, Str/Int -1)
                  | [potion of mutation]
  2308 | D:4      | Gained mutation: You are covered in fur. (AC +1) [potion of
                  | mutation]
  2308 | D:4      | Slain by a bullfrog

Illustrated notes

Levels and vault maps discovered:
D:1:      zaba_arrival_water, layout_basic, hangedman_decor_growths,
          roderic_roman_lattice
D:2:      layout_loops_ring, shapermc_ecumenical_altar_mp_ritualfount
D:3:      cheibrodos_pilgrimage, layout_basic,
          mainiacjoe_overflow_concentric_impassable
D:4:      layout_basic, kb_xom_exploding_sheep, serial_rivers,
          chequers_serial_rivers_small_3, chequers_serial_rivers_micro_d,
          chequers_serial_rivers_room_a, chequers_serial_rivers_micro_d,
          minmay_misc_feat_x

Skill      XL: |  1  2  3  4 |
---------------+-------------+-----
Fire Magic     | 2 |  2.7
Invocations    | 2 |  2.0
Fighting       | 1 |  1.7
Dodging        | 1 |  1.6
Unarmed Combat | 1 |  1.4
Spellcasting   | 2 |  2.3
Long Blades    | |  2.6
Throwing       | |  1.7
Stealth        | |  1.0

Action                     |  1- 3 |  4- 6 || total
---------------------------+-------+-------++-------
  Melee: Long sword        |    65 |    38 ||   103
         Tailslap          |    10 |     3 ||    13
         Punch             |       |     1 ||     1
   Cast: Foxfire           |     2 |       ||     2
    Use: Potion            |     1 |     1 ||     2
         Scroll            |     1 |       ||     1
   Stab: Sleeping          |     2 |       ||     2
 Armour: Robe              |     8 |    12 ||    20
  Dodge: Dodged            |    35 |    47 ||    82

Table legend: (Time is in decaauts)
 A = Elapsed time spent in this place.
 B = Non-inter-level travel time spent in this place.
 C = Inter-level travel time spent in this place.
 D = Time resting spent in this place.
 E = Time spent auto-exploring this place.
 F = Levels seen in this place.
 G = Mean time per level.
                   A        B        C        D        E       F      G
               +--------+--------+--------+--------+--------+-----+--------+
         Total |   2354 |   2272 |     82 |    231 |   1731 |   4 |  588.5 |
       Dungeon |   2354 |   2272 |     82 |    231 |   1731 |   4 |  588.5 |
               +--------+--------+--------+--------+--------+-----+--------+

Top non-repeatable levels by time:
     D:1: 1182 daAuts
     D:4: 485 daAuts
     D:3: 439 daAuts
     D:2: 247 daAuts
